 Dungeon Crawl Stone Soup version 0.28-a0-577-gb193047a1f (webtiles) character file.

Game seed: 7338425794106119144

608 mg7810 the Chopper (level 7, -23/53 HPs)
             Began as a Demonspawn Fighter on Oct 1, 2021.
             Killed by an exploding bullfrog zombie (40 damage)
             ... ignited by their inner flame
             ... on level 5 of the Dungeon.
             The game lasted 00:12:32 (4939 turns).

mg7810 the Chopper (Demonspawn Fighter)             Turns: 4939, Time: 00:12:32

Health: -23/53     AC: 10    Str: 19    XL:     7   Next: 19%
Magic:  7/7        EV:  7    Int:  9    God:
Gold:   266        SH:  5    Dex: 12    Spells: 6/6 levels left

rFire   . . .      SeeInvis .   a - +1 war axe
rCold   . . .      Faith    .   c - +1 buckler
rNeg    . . .      Spirit   .   k - +0 chain mail
rPois   .          Reflect  .   (no helmet)
rElec   .          Harm     .   (no cloak)
rCorr   .          Rampage  .   (no gloves)
Will    .....      Clarity  +   (boots unavailable)
Stlth   ..........              (no amulet)
HPRegen 0.17/turn               (no ring)
MPRegen 0.10/turn               (no ring)

@: brilliant, lethally poisoned (-23 -> -41)
A: hooves 3, demonic guardian 1, sharp scales 1, clarity
a: no special abilities


You were on level 5 of the Dungeon.
You visited 1 branch of the dungeon, and saw 5 of its levels.

You collected 266 gold pieces.

Inventory:

Hand Weapons
 a - a +1 war axe (weapon)
Missiles
 f - 12 poisoned darts
 h - 3 boomerangs
 m - 2 javelins (quivered)
Armour
 c - a +1 buckler (worn)
 k - a +0 chain mail (worn)
Potions
 g - a potion of curing
 i - a potion of haste
 o - a potion of mutation


   Skills:
 + Level 3.9 Fighting
 + Level 4.1 Axes
 * Level 2.4 Throwing
 + Level 4.1 Armour
 + Level 0.9 Dodging
 + Level 3.2 Shields
 * Level 2.4 Unarmed Combat


You had 6 spell levels left.
You didn't know any spells.
Your spell library was empty.

Dungeon Overview and Level Annotations

Branches:
Dungeon (5/15)
 Temple: D:4-7

Altars:
Ashenzari
Cheibriados
Fedhas
Gozag
Hepliaklqana
Makhleb
Nemelex Xobeh
Qazlal
Yredelemnul
Zin
The Shining One

Shops:
D:3 (


Innate Abilities, Weirdness & Mutations

You have hooves in place of feet.
A weak demonic guardian rushes to your aid.
You are partially covered in razor-sharp scales. (AC +1, Slay +1)
You possess an exceptional clarity of mind.


Message History

You feel sick. The killer bee stings you. The vampire barely misses you.
The vampire bites you.
The vampire draws strength from your injuries!
The killer bee stings you but does no damage.
The hound pauses to sniff the ground.
The hound bites you but does no damage.
You hit the hound.
Flame seeps out of the hound. x2; You kick the hound.
The hound is heavily wounded.
You barely miss the vampire. You miss the killer bee. You hit the killer bee.
Flame seeps out of the killer bee.
You hit the killer bee.
Flame seeps out of the killer bee.
You feel sick.
The killer bee is engulfed in blazing flames.
Flame seeps out of the killer bee.
The killer bee stings you!
The killer bee stings you but does no damage.
The killer bee is engulfed in blazing flames.
Flame seeps out of the killer bee.
You block the killer bee's attack.
The hound is engulfed in blazing flames.
Flame seeps out of the hound.
The hound bites you but does no damage.
The killer bee is engulfed in blazing flames.
Flame seeps out of the killer bee.
The killer bee stings you.
You are more poisoned.
The killer bee poisons you! The killer bee stings you.
A demonic guardian appears!
You are more poisoned.
The killer bee poisons you! You block the vampire's attack.
The vampire barely misses you.
The killer bee is engulfed in blazing flames.
Flame seeps out of the killer bee.
The killer bee stings you but does no damage.
The hound is engulfed in blazing flames.
The hound explodes!
The fiery explosion engulfs you.
The fiery explosion engulfs the killer bee!!!
You kill the killer bee!
The fiery explosion engulfs the killer bee!!
The fiery explosion engulfs the bullfrog zombie!!
The bullfrog zombie explodes!
The fiery explosion engulfs you!!!
Ouch! That really hurt!
You die...

###...............
............##....
............# ....
............# ...
............# ..
............#
.........5..#
.........V..######
.........y@§§.....
.........y○○§.....
..
..........§§§.....
..
..................
..
..................
..
..............?...
..
..................
..
..................
...
...........##(..


You could see a vampire (inner flame, ally target), 2 killer bees and a friendly
shadow imp (summoned).

Vanquished Creatures
  An orc priest (D:4)
  A phantom (D:5)
  4 killer bees (D:5)
  A howler monkey (D:4)
  A bullfrog zombie (D:5)
  A centaur zombie (D:5)
  2 hounds
  2 orc wizards
  Natasha (D:3)
  3 gnolls (D:3)
  3 adders
  3 worms (D:2)
  2 dart slugs (D:2)
  10 orcs
  4 endoplasms
  A giant cockroach (D:2)
  4 goblins
  3 hobgoblins
  8 jackals
  5 quokkas
  11 ball pythons
  5 bats
  4 frilled lizards
  3 kobolds
  3 rats
86 creatures vanquished.

Vanquished Creatures (collateral kills)
  An orc priest (D:4)
  An adder (D:2)
  2 jackals (D:2)
  A rat (D:2)
5 creatures vanquished.

Vanquished Creatures (others)
  A human (D:4)
  An orc priest (D:4)
  An orc wizard (D:4)
  A fungus (D:2)
  4 plants (D:2)
8 creatures vanquished.

Grand Total: 99 creatures vanquished

Notes
Turn   | Place    | Note
-------+----------+-------------------------------------------
     0 | D:1      | mg7810 the Demonspawn Fighter began the quest for the Orb.
     0 | D:1      | Reached XP level 1. HP: 18/18 MP: 1/1
   286 | D:1      | Gained mutation: A weak demonic guardian rushes to your
                  | aid. [demonic ancestry]
   286 | D:1      | Reached XP level 2. HP: 24/24 MP: 2/2
  1101 | D:2      | Gained mutation: You have large cloven feet. [demonic
                  | ancestry]
  1101 | D:2      | Reached XP level 3. HP: 29/29 MP: 3/3
  1133 | D:2      | Reached skill level 1 in Throwing
  1371 | D:2      | Found a faded altar of an unknown god.
  1499 | D:2      | Reached XP level 4. HP: 34/35 MP: 4/4
  1910 | D:2      | Reached skill level 1 in Unarmed Combat
  2258 | D:3      | Found Waom's Antique Weapon Boutique.
  2676 | D:3      | Noticed Natasha
  2680 | D:3      | Killed Natasha
  2681 | D:3      | Gained mutation: You are partially covered in razor-sharp
                  | scales. (AC +1, Slay +1) [demonic ancestry]
  2681 | D:3      | Reached XP level 5. HP: 39/41 MP: 5/5
  2710 | D:3      | Found a sparkling altar of Nemelex Xobeh.
  3018 | D:3      | Found a stormy altar of Qazlal.
  3019 | D:3      | Found a burning altar of Makhleb.
  3019 | D:3      | Found a broken altar of Ashenzari.
  3020 | D:3      | Found a blossoming altar of Fedhas.
  3022 | D:3      | Found an opulent altar of Gozag.
  3445 | D:4      | Found a runed translucent door.
  3445 | D:4      | Noticed a human
  3448 | D:4      | Found a basalt altar of Yredelemnul.
  3453 | D:4      | Found a snail-covered altar of Cheibriados.
  3520 | D:4      | HP: 1/42 [orc wizard/puff of flame (15)]
  3837 | D:4      | Killed a human
  3844 | D:4      | Killed an orc priest
  3845 | D:4      | Gained mutation: You have hoof-like feet. [demonic
                  | ancestry]
  3845 | D:4      | Reached XP level 6. HP: 16/45 MP: 6/6
  4516 | D:5      | Entered Level 5 of the Dungeon
  4571 | D:5      | Found a hazy altar of Hepliaklqana.
  4693 | D:5      | Gained mutation: You possess an exceptional clarity of
                  | mind. [potion of mutation]
  4693 | D:5      | Gained mutation: You have hooves in place of feet. [potion
                  | of mutation]
  4697 | D:5      | Reached XP level 7. HP: 19/53 MP: 7/7
  4912 | D:5      | Noticed a vampire
  4939 | D:5      | Killed by an exploding bullfrog zombie... ignited by their
                  | inner flame

Illustrated notes

Levels and vault maps discovered:
D:1:      elethiomel_arrival_shortcut, layout_basic, minmay_misc_feat_iff,
          minmay_tromino_mix6
D:2:      layout_rooms, shapermc_ecumenical_altar_mp_ritualfount
D:3:      layout_basic, nemelex_spade_bored_becter, minitemple, serial_shops,
          nicolae_shop_trees, uniq_natasha
D:4:      layout_loops_ring, mainiacjoe_overflow_large_starburst,
          dk_yredelemnul_ordeal, eino_tiny_chamber
D:5:      layout_basic, mainiacjoe_overflow_cross_hatched, chequers_mini_garden

Skill      XL: |  1  2  3  4  5  6 |
---------------+-------------------+-----
Axes           | 2 3 4 |  4.1
Armour         | 3 4 |  4.1
Throwing       | 1 2 |  2.4
Unarmed Combat | 1 2 |  2.4
Shields        | 3 |  3.2
Fighting       | |  3.9
Dodging        | |  0.9

Action                   |  1- 3 |  4- 6 |  7- 9 || total
-------------------------+-------+-------+-------++-------
Melee: War axe           |    96 |    87 |    10 ||   193
       Kick              |     8 |    23 |     5 ||    36
Throw: Javelin           |       |    10 |       ||    10
       Dart              |       |     2 |       ||     2
  Use: Potion            |       |     9 |     1 ||    10
       Scroll            |       |    10 |     1 ||    11
 Stab: Distracted        |     1 |       |       ||     1
Armor: Scale mail        |    54 |    23 |       ||    77
       Chain mail        |       |    11 |    12 ||    23
Dodge: Dodged            |    65 |    48 |     6 ||   119
Block: Buckler           |    26 |    20 |     3 ||    49

Table legend: (Time is in decaauts)
 A = Elapsed time spent in this place.
 B = Non-inter-level travel time spent in this place.
 C = Inter-level travel time spent in this place.
 D = Time resting spent in this place.
 E = Time spent auto-exploring this place.
 F = Levels seen in this place.
 G = Mean time per level.
                   A        B        C        D        E       F      G
               +--------+--------+--------+--------+--------+-----+--------+
         Total |   5005 |   4817 |    188 |      0 |   3895 |   5 | 1001.0 |
       Dungeon |   5005 |   4817 |    188 |      0 |   3895 |   5 | 1001.0 |
               +--------+--------+--------+--------+--------+-----+--------+

Top non-repeatable levels by time:
     D:4: 1369 daAuts
     D:2: 1167 daAuts
     D:1: 1088 daAuts
     D:3: 960 daAuts
     D:5: 418 daAuts
